 Dungeon Crawl Stone Soup version 0.30-a0-779-g7971cf19c3 (webtiles) character file.

Game seed: 12518532944623634694

6985 Pimp the Stinger (level 10, -14/72 HPs)
             Began as a Demonspawn Venom Mage on Feb 17, 2023.
             Was a Priest of Kikubaaqudgha.
             Killed from afar by an acid dragon (19 damage)
             ... with a splash of acid
             ... on level 9 of the Dungeon.
             The game lasted 00:51:09 (10732 turns).

Pimp the Stinger (Demonspawn Venom Mage)           Turns: 10732, Time: 00:51:10

Health: -14/72     AC:  8    Str: 11    XL:     10   Next: 81%
Magic:  13/20      EV: 14    Int: 23    God:    Kikubaaqudgha [***...]
Gold:   1306       SH:  0    Dex: 17    Spells: 9/22 levels left

rFire   + . .      SeeInvis .    n - +4 flail (protect)
rCold   . . .      Faith    +    (no shield)
rNeg    + . .      Spirit   .    B - +2 leather armour of Nemelex Xobeh's Fury {Will+ Int+4}
rPois   .          Reflect  .    (helmet restricted)
rElec   .          Harm     .    (no cloak)
rCorr   .          Rampage  .    I - +0 pair of gloves
Will    +....                    e - +1 pair of boots
Stlth   ++                       h - amulet of faith
HPRegen 0.32/turn                D - ring of wizardry
MPRegen 0.17/turn                x - ring of Apeekiaf {rN+ Dex+4}

@: corroded
A: horns 2, molten scales 3
a: Renounce Religion, Unearth Wretches


You were on level 9 of the Dungeon.
You worshipped Kikubaaqudgha.
Kikubaaqudgha was most pleased with you.
You visited 2 branches of the dungeon, and saw 10 of its levels.

You collected 1878 gold pieces.
You spent 572 gold pieces at shops.

Inventory:

Hand Weapons
 l - a +1 rapier of venom
 n - a +4 flail of protection (weapon)
 t - the +6 sling "Musufui" {elec, *Slow rC++ Dex+7}
   (You found it on level 3 of the Dungeon)

   Dex:       It affects your dexterity (+7).
   rC:        It greatly protects you from cold.
   *Slow:     It may slow you when you take damage.
 v - a +4 trident of freezing
Missiles
 a - a throwing net
 d - 10 poisoned darts (quivered)
 j - 2 boomerangs of dispersal
 C - 2 datura-tipped darts
 E - 51 stones
Armour
 e - a +1 pair of boots (worn)
 B - the +2 leather armour of Nemelex Xobeh's Fury (worn) {Will+ Int+4}
   (You found it on level 3 of the Dungeon)

   Int:       It affects your intelligence (+4).
   Will:      It increases your willpower.
 I - a +0 pair of gloves (worn)
Jewellery
 h - an amulet of faith (around neck)
 m - an amulet of reflection
 o - an amulet of magic regeneration
 u - a ring of protection from cold
 x - the ring of Apeekiaf (right hand) {rN+ Dex+4}
   (You took it off an orc on level 7 of the Dungeon)

   [ring of positive energy]

   Dex:       It affects your dexterity (+4).
   rN:        It protects you from negative energy.
 D - a ring of wizardry (left hand)
Wands
 s - a wand of flame (12)
 y - a wand of paralysis (4)
Scrolls
 c - 2 scrolls of enchant armour
 f - 7 scrolls of teleportation
 i - 4 scrolls of identify
 w - a scroll of enchant weapon
 z - 2 scrolls of amnesia
 F - a scroll of fog
 G - a scroll of brand weapon
Potions
 b - 2 potions of magic
 g - 4 potions of haste
 p - a potion of lignification
 q - a potion of mutation
 r - 2 potions of brilliance
 A - 2 potions of curing
 H - a potion of berserk rage {unknown}
 K - 2 potions of attraction {unknown}


   Skills:
 + Level 4.3 Fighting
 + Level 5.0 Short Blades
 + Level 4.4 Maces & Flails
 + Level 1.2 Polearms
 + Level 3.5 Ranged Weapons
 + Level 1.1 Throwing
 + Level 3.6 Armour
 + Level 4.7 Dodging
 + Level 3.1 Stealth
 + Level 1.6 Shields
 + Level 0.8 Unarmed Combat
 + Level 6.6 Spellcasting
 + Level 2.5 Conjurations
 * Level 2.4 Necromancy
 + Level 3.0 Transmutations
 + Level 1.5 Fire Magic
 + Level 0.2 Air Magic
 + Level 6.7 Poison Magic
 + Level 1.6 Evocations


You had 9 spell levels left.
You knew the following spells:

 Your Spells              Type           Power      Damage    Failure   Level
a - Sting                 Tmut/Pois      100%       1d8       1%          1
b - Slow                  Hex            28%        N/A       4%          1
c - Shock                 Conj/Air       56%        1d6       2%          1
d - Foxfire               Conj/Fire      68%        2x1d7     1%          1
e - Olgreb's Toxic Radia  Pois           38%        N/A       2%          4
f - Blink                 Tloc           14%        N/A       6%          2
g - Necrotise             Necr           72%        1d7       1%          1
h - Cigotuvi's Dreadful   Necr/Pois/Air  44%        N/A       1%          2

Your spell library contained the following spells:

 Spells                   Type           Power      Damage    Failure   Level
 Kiss of Death            Conj/Necr      76%        2d11      1%          1
 Poisonous Vapours        Pois/Air       46%        N/A       1%          2
 Spider Form              Tmut/Pois      30%        N/A       1%          3
 Sublimation of Blood     Necr           18%        N/A       2%          2
 Momentum Strike          Conj/Tloc      26%        3d8       3%          2
 Static Discharge         Conj/Air       28%        2-4/arc   3%          2
 Mephitic Cloud           Conj/Pois/Air  22%        N/A       3%          3
 Vampiric Draining        Necr           18%        2d7       4%          3
 Ensorcelled Hibernation  Hex/Ice        14%        N/A       6%          2
 Lesser Beckoning         Tloc           14%        N/A       6%          2
 Kindle Blastsparks       Fire/Tloc/Air  20%        2d11      10%         3
 Swiftness                Air            8%         N/A       11%         3
 Confusing Touch          Hex            7%         N/A       12%         3
 Vhi's Electric Charge    Tloc/Air       16%        N/A       12%         3
 Animate Dead             Necr           18%        N/A       16%         4
 Dispel Undead            Necr           18%        3d11      16%         4
 Anguish                  Hex/Necr       6%         N/A       24%         4
 Fulminant Prism          Conj/Hex       6%         3d6       24%         4
 Iskenderun's Mystic Bla  Conj/Tloc      13%        2d5       24%         4
 Airstrike                Air            4%         2d(1-17)  32%         4
 Agony                    Necr           18%        N/A       38%         5
 Fireball                 Conj/Fire      8%         3d6       43%         5
 Arcjolt                  Conj/Air       7%         1d17      50%         5
 Lightning Bolt           Conj/Air       7%         1d19      50%         5
 Lee's Rapid Deconstruct  Erth           3%         3d5*      69%         5
 Death Channel            Necr           9%         N/A       89%         6
 Starburst                Conj/Fire      8%         6d4       92%         6
 Simulacrum               Ice/Necr       6%         N/A       97%         6
 Maxwell's Capacitive Co  Air            4%         ∞         100%        8


Dungeon Overview and Level Annotations

Branches:
Dungeon (9/15)             Temple (1/1) D:4            Lair (0/5) D:8
    Orc: D:9-12

Altars:
Ashenzari
Cheibriados
Dithmenos
Fedhas
Gozag
Hepliaklqana
Kikubaaqudgha
Makhleb
Nemelex Xobeh
Okawaru
Qazlal
Ru
Trog
Uskayaw
Vehumet
Xom
Yredelemnul

Shops:
D:3 *

Annotations:
D:9 3 runed translucent doors, cheesebisquit's ghost, novice GrEE


Innate Abilities, Weirdness & Mutations

You have a pair of horns on your head.
You are completely covered in molten scales. (AC +4, rF+)


Message History

The acid dragon is moderately wounded.
The acid dragon spits acid at you. The splash of acid hits you.
The acid corrodes you!
You hear a shout!
Casting: Foxfire (safe; 1% risk of failure)
Confirm with . or Enter, or press ? or * to list all spells.
You conjure some foxfire!
The foxfire hits the acid dragon but does no damage.
The acid dragon is moderately wounded.
The foxfire hits the acid dragon but does no damage.
The acid dragon is moderately wounded.
The acid dragon bites you!
* * * LOW HITPOINT WARNING * * *
The acid dragon claws you but does no damage.
The foxfire hits the acid dragon.
The acid dragon is heavily wounded.
You hit the acid dragon.
Your weapon exudes an aura of protection.
Your headbutt misses the acid dragon.
The acid dragon is heavily wounded.
The foxfire hits the acid dragon but does no damage.
The acid dragon is heavily wounded.
The acid dragon bites you but does no damage.
The acid dragon claws you.
* * * LOW HITPOINT WARNING * * *
You feel much better. The acid dragon spits acid at you.
The splash of acid hits you!!
* * * LOW HITPOINT WARNING * * *
Casting: Foxfire (safe; 1% risk of failure)
Confirm with . or Enter, or press ? or * to list all spells.
You don't know that spell.
Blink to where?
Press: ? - help, Dir - move target
As you read the scroll of blinking, it crumbles to dust.
Your magical contamination has completely faded away.
The acid dragon spits acid at you. The splash of acid hits you!!
You die...
Kikubaaqudgha rasps: "You have failed me!
Welcome... death!"

W#.#.#............# #.....##.#.
....W#...........## #........#.
8$..W+...........# #.....####.
.?...+....D######## #.....# #.
8/..W+............# #.....# #.
.....#............# ###.....#
#. .#.#.#............#
#.......# #. # ###............#
#....#### #.
#...........@.###....### #.
........................######
.##..............####<.........
#..............# ####.######
#..............#######....)..
.......................#####
............#######...#####
......................#....
............#######.#.#.###


You could see an acid dragon (catching breath).

Vanquished Creatures
  Pikel (D:3)
  A cyclops (D:8)
  A hornet (D:8)
  Grinder (D:6)
  Sigmund (D:6)
  A wyvern (D:7)
  5 yaks
  A steam dragon (D:9)
  Edmund (D:6)
  A water moccasin (D:9)
  Duvessa (D:6)
  An ice beast (D:7)
  2 sky beasts
  2 orc warriors (D:8)
  2 black bears (D:6)
  5 centaurs
  2 phantoms
  2 kobold brigands
  A lemure (D:3)
  3 bullfrogs
  A water moccasin zombie (D:5)
  3 scorpions
  15 wights
  Dowan (D:6)
  A water moccasin skeleton (D:5)
  12 killer bees
  3 howler monkeys
  A bullfrog zombie (D:5)
  2 centaur zombies (D:5)
  A jelly (D:6)
  A bullfrog skeleton (D:5)
  3 orc priests (D:7)
  A gnoll bouda (D:5)
  6 hounds
  5 iguanas
  6 orc wizards
  A hound zombie (D:5)
  A hound skeleton (D:5)
  12 gnolls
  5 adders
  2 white imps (D:8)
  An adder skeleton (D:5)
  A dart slug (D:3)
  34 orcs
  4 endoplasms
  5 giant cockroaches
  11 hobgoblins
  5 jackals (D:2)
  12 kobolds
  2 quokkas
  4 ball pythons
  3 bats
  4 frilled lizards
  4 goblins
  4 rats
212 creatures vanquished.

Vanquished Creatures (others)
  113 foxfires
  7 fungi (D:8)
  12 plants
  A withered plant (D:5)
133 creatures vanquished.

Grand Total: 345 creatures vanquished

Notes
Turn   | Place    | Note
-------+----------+-------------------------------------------
     0 | D:1      | Pimp the Demonspawn Venom Mage began the quest for the Orb.
     0 | D:1      | Reached XP level 1. HP: 13/13 MP: 3/3
   182 | D:1      | Learned a level 1 spell: Slow
   554 | D:1      | Gained mutation: You are partially covered in molten
                  | scales. (AC +2) [demonic ancestry]
   554 | D:1      | Reached XP level 2. HP: 12/19 MP: 1/5
   752 | D:1      | Reached skill level 1 in Transmutations
  1171 | D:2      | Gained mutation: You have a pair of small horns on your
                  | head. [demonic ancestry]
  1171 | D:2      | Reached XP level 3. HP: 25/25 MP: 6/6
  1368 | D:2      | Learned a level 1 spell: Shock
  1457 | D:3      | Identified the +6 sling "Musufui" {elec, *Slow rC++ Dex+7}
  1478 | D:3      | Found Geossidi's General Store.
  1639 | D:3      | Learned a level 1 spell: Foxfire
  1660 | D:3      | Reached skill level 1 in Short Blades
  1811 | D:3      | Gained mutation: You are mostly covered in molten scales.
                  | (AC +3) [demonic ancestry]
  1811 | D:3      | Reached XP level 4. HP: 31/31 MP: 8/8
  1851 | D:3      | Learned a level 4 spell: Olgreb's Toxic Radiance
  2142 | D:3      | Found a faded altar of an unknown god.
  2147 | D:3      | Identified the +2 leather armour of Nemelex Xobeh's Fury
                  | {Will+ Int+4}
  2166 | D:3      | Identified a scroll of acquirement
  2166 | D:3      | Acquired 815 gold pieces
  2473 | D:3      | Bought a scroll of acquirement for 572 gold pieces
  2473 | D:3      | Acquired 614 gold pieces
  2491 | D:4      | Found an opulent altar of Gozag.
  2506 | D:4      | Reached XP level 5. HP: 27/36 MP: 9/9
  2555 | D:4      | Found a staircase to the Ecumenical Temple.
  2569 | Temple   | Entered the Ecumenical Temple
  2630 | Temple   | Reached skill level 1 in Fighting
  2844 | D:4      | Found a sacrificial altar of Ru.
  2844 | D:4      | Noticed Pikel
  2844 | D:4      | Noticed a lemure
  2844 | D:4      | Noticed a lemure
  2844 | D:4      | Noticed a lemure
  2869 | D:3      | Killed a lemure
  2937 | D:4      | Found a basalt altar of Yredelemnul.
  2954 | D:4      | Noticed a lemure
  3431 | D:3      | Killed Pikel
  3432 | D:3      | Reached skill level 1 in Armour
  3432 | D:3      | Gained mutation: You are completely covered in molten
                  | scales. (AC +4, rF+) [demonic ancestry]
  3432 | D:3      | Reached XP level 6. HP: 17/44 MP: 4/11
  3432 | D:3      | Gained mutation: You have a pair of horns on your head.
                  | [demonic ancestry]
  3432 | D:3      | Reached XP level 7. HP: 19/49 MP: 4/12
  3785 | D:5      | Entered Level 5 of the Dungeon
  3867 | D:4      | Found an iron altar of Okawaru.
  3872 | D:4      | Found a broken altar of Ashenzari.
  3873 | D:4      | Found a stormy altar of Qazlal.
  4219 | D:5      | Reached XP level 8. HP: 46/57 MP: 13/13
  4314 | D:5      | Found a blossoming altar of Fedhas.
  4314 | D:5      | Found an ancient bone altar of Kikubaaqudgha.
  4426 | D:5      | Became a worshipper of Kikubaaqudgha
  4522 | D:5      | Reached skill level 1 in Shields
  4526 | D:5      | Reached skill level 1 in Maces & Flails
  4582 | D:5      | Reached skill level 5 in Short Blades
  4680 | D:5      | Learned a level 2 spell: Blink
  4864 | D:5      | Found a shimmering altar of Xom.
  5268 | D:6      | Found a hazy altar of Hepliaklqana.
  5475 | D:6      | Noticed Grinder
  5490 | D:6      | Killed Grinder
  5575 | D:6      | Reached * piety under Kikubaaqudgha
  5575 | D:6      | Received a gift from Kikubaaqudgha
  5576 | D:6      | Reached skill level 1 in Evocations
  5576 | D:6      | Reached XP level 9. HP: 61/64 MP: 15/15
  5611 | D:6      | Noticed Sigmund
  5649 | D:6      | Killed Sigmund
  5734 | D:6      | Reached skill level 1 in Conjurations
  5887 | D:6      | Noticed Dowan
  5888 | D:6      | Noticed Duvessa
  5896 | D:6      | Killed Dowan
  5899 | D:6      | Killed Duvessa
  6199 | D:6      | Reached skill level 5 in Poison Magic
  6285 | D:6      | Noticed Edmund
  6315 | D:6      | Killed Edmund
  6744 | D:7      | Reached skill level 5 in Spellcasting
  7375 | D:7      | Identified the ring of Apeekiaf {rN+ Dex+4}
  7610 | D:7      | Reached ** piety under Kikubaaqudgha
  7784 | D:7      | Found a snail-covered altar of Cheibriados.
  7812 | D:7      | Found a bloodstained altar of Trog.
  8065 | D:7      | Reached XP level 10. HP: 67/71 MP: 14/18
  8079 | D:7      | Learned a level 1 spell: Necrotise
  8164 | D:7      | Reached skill level 1 in Fire Magic
  8197 | D:6      | Reached skill level 1 in Polearms
  9302 | D:8      | Reached skill level 1 in Ranged Weapons
  9411 | D:8      | Reached *** piety under Kikubaaqudgha
  9411 | D:8      | Received a gift from Kikubaaqudgha
  9456 | D:8      | Learned a level 2 spell: Cigotuvi's Dreadful Rot
  9586 | D:8      | Noticed a cyclops
  9684 | D:7      | Reached skill level 1 in Necromancy
  9765 | D:8      | Found a burning altar of Makhleb.
 10181 | D:8      | Killed a cyclops
 10188 | D:8      | Found a staircase to the Lair.
 10529 | D:9      | Found a sparkling altar of Nemelex Xobeh.
 10530 | D:9      | Found a shadowy altar of Dithmenos.
 10540 | D:9      | Found a hide-covered altar of Uskayaw.
 10679 | D:9      | Found a runed translucent gate.
 10679 | D:9      | Found a runed translucent gate.
 10679 | D:9      | Found a runed translucent gate.
 10685 | D:9      | Noticed cheesebisquit's ghost (novice GrEE)
 10713 | D:9      | Reached skill level 1 in Throwing
 10725 | D:9      | HP: 3/72 [acid dragon/splash of acid (26)]
 10732 | D:9      | Killed from afar by an acid dragon

Illustrated notes

Levels and vault maps discovered:
D:1:      dpeg_arrival_simpleton_a, layout_loops_cross, chequers_big_river
D:2:      layout_rooms, basic_altar, minmay_between
D:3:      layout_rooms, shapermc_ecumenical_altar_mp_highgroup, serial_shops,
          shop, nrook_uturn, chequers_serial_rivers_small_3,
          hangedman_decor_lopped, reono_crystal_passage
D:4:      layout_rooms, lemuel_round_altar,
          nicolae_gozag_cash_rules_everything_around_me,
          nicolae_overflow_hidden_temple, kennysheep_mini,
          minmay_temple_entry_ruins, uniq_pikel
D:5:      dreamdust_elfheim, layout_loops_ring,
          grunt_temple_overflow_growth_and_decay, mainiacjoe_overflow_paths,
          xom_teletrap_fun, serial_undead, serial_undead_e, serial_undead_e,
          serial_undead_f, serial_undead_b, portal_sewer_entry_f
D:6:      layout_gridville, nicolae_tso_carved_into_rock,
          overflow_temple_1_default, corexii_checkpoint_a, chequers_arboretum,
          corner_web_ring, sigmund_edmund_badplayer, uniq_grinder, uniq_duvessa
D:7:      layout_cave_pools, elyvilon_altar_5, mainiacjoe_overflow_two_lobes,
          solitary_fountain, chequers_serial_rivers_micro_e
D:8:      layout_cave_pools, overflow_temple_1_default,
          grunt_lair_entry_orc_guard_hut, serial_bayou_pond_d
D:9:      layout_basic, nicolae_uskayaw_dance_hall,
          mainiacjoe_overflow_divided_tiny, jmf_multi_god_temple2,
          gammafunk_ghost_spectres
Temple:   ebering_the_one_and_only

Skill      XL: |  1  2  3  4  5  6  7  8  9 10 |
---------------+-------------------------------+-----
Transmutations | 1 2 3 |  3.0
Dodging        | 2 3 4 |  4.7
Stealth        | 2 3 |  3.1
Short Blades   | 1 2 3 4 5 |  5.0
Fighting       | 1 2 3 4 |  4.3
Armour         | 1 2 3 |  3.6
Spellcasting   | 3 4 5 6 |  6.6
Shields        | 1 |  1.6
Poison Magic   | 4 6 |  6.7
Maces & Flails | 3 4 |  4.4
Evocations     | 1 |  1.6
Conjurations   | 2 |  2.5
Fire Magic     | 1 |  1.5
Polearms       | 1 |  1.2
Ranged Weapons | 3 |  3.5
Necromancy     | 2 |  2.4
Throwing       | 1 |  1.1
Unarmed Combat | |  0.8
Air Magic      | |  0.2

Action                     |  1- 3 |  4- 6 |  7- 9 | 10-12 || total
---------------------------+-------+-------+-------+-------++-------
  Melee: Unarmed           |    25 |       |       |       ||    25
         Rapier            |    65 |    84 |    78 |       ||   227
         Punch             |     1 |     3 |     4 |     2 ||    10
         Headbutt          |     3 |    10 |    66 |     2 ||    81
         Flail             |       |       |   173 |    15 ||   188
         Trident           |       |       |    33 |    31 ||    64
   Fire: Sling             |       |       |       |    70 ||    70
  Throw: Throwing net      |       |       |     1 |       ||     1
         Dart              |       |       |       |     5 ||     5
   Cast: Sting             |    14 |    19 |    10 |     9 ||    52
         Shock             |       |     5 |    12 |     1 ||    18
         Olgreb's Toxic Ra |       |       |    31 |    27 ||    58
         Foxfire           |       |       |    16 |    53 ||    69
         Slow              |       |       |     1 |     1 ||     2
         Cigotuvi's Dreadf |       |       |       |     1 ||     1
  Evoke: Wand              |       |       |     7 |       ||     7
    Use: Scroll            |       |    16 |     2 |     7 ||    25
         Potion            |       |       |     7 |     2 ||     9
   Stab: Sleeping          |     2 |       |     1 |       ||     3
 Armour: Robe              |    27 |     1 |       |       ||    28
         Leather armour    |       |    22 |   180 |    48 ||   250
  Dodge: Dodged            |    68 |    58 |   228 |   124 ||   478
  Block: Other             |       |     4 |    60 |       ||    64
         Reflection        |       |       |     3 |       ||     3

Table legend: (Time is in decaauts)
 A = Elapsed time spent in this place.
 B = Non-inter-level travel time spent in this place.
 C = Inter-level travel time spent in this place.
 D = Time resting spent in this place.
 E = Time spent auto-exploring this place.
 F = Levels seen in this place.
 G = Mean time per level.
                   A        B        C        D        E       F      G
               +--------+--------+--------+--------+--------+-----+--------+
         Total |  10881 |  10234 |    647 |   3294 |   4088 |  10 | 1088.1 |
       Dungeon |  10734 |  10087 |    647 |   3202 |   4075 |   9 | 1192.7 |
        Temple |    146 |    146 |      0 |     92 |     13 |   1 |  146.0 |
               +--------+--------+--------+--------+--------+-----+--------+

Top non-repeatable levels by time:
     D:7: 2069 daAuts
     D:6: 1904 daAuts
     D:3: 1577 daAuts
     D:5: 1397 daAuts
     D:1: 1056 daAuts
     D:8: 983 daAuts
     D:4: 874 daAuts
     D:9: 456 daAuts
     D:2: 416 daAuts
  Temple: 146 daAuts
